 Dungeon Crawl Stone Soup version 0.20.1-1-g8b1a95d (webtiles) character file.

260 equalderp2856 the Chopper (level 5, -1/41 HPs)
             Began as a Mummy Fighter on Oct 25, 2017.
             Slain by an adder (4 damage)
             ... on level 3 of the Dungeon.
             The game lasted 00:03:49 (3275 turns).

equalderp2856 the Chopper (Mummy Fighter)           Turns: 3275, Time: 00:03:49

Health: -1/41      AC:  6    Str: 19    XL:     5   Next: 95%
Magic:  7/7        EV:  7    Int:  8    God:
Gold:   176        SH:  9    Dex: 12    Spells: 6/6 levels left

rFire    x . .     SeeInvis .   a - +0 war axe
rCold    + . .     Gourm    .   c - +0 shield
rNeg     + + +     Faith    .   b - +0 scale mail
rPois    ∞         Spirit   .   (no helmet)
rElec    .         Reflect  .   (no cloak)
rCorr    .         Harm     .   (no gloves)
MR       .....                  (no boots)
Stlth    ..........             (no amulet)
Regen    0.2/turn               (no ring)
MPRegen  0.1/turn               (no ring)

@: no status effects
A: no food or potions, fire vulnerability, cold resistance 1, negative energy
resistance 3, torment resistance, unbreathing
a: no special abilities


You were on level 3 of the Dungeon.
You were not hungry.

You visited 1 branch of the dungeon, and saw 4 of its levels.

You collected 176 gold pieces.

Inventory:

Hand Weapons
 a - a +0 war axe (weapon)
Armour
 b - a +0 scale mail (worn)
 c - a +0 shield (worn)
Jewellery
 g - an uncursed ring of resist corrosion {unknown}
Scrolls
 d - a scroll of blinking {unknown}
 e - 2 scrolls of identify {unknown}
 f - a scroll of amnesia {unknown}
 h - a scroll of enchant weapon {unknown}
 i - 2 scrolls of recharging {unknown}


   Skills:
 + Level 3.5 Fighting
 * Level 4.0 Axes
 + Level 3.0 Armour
 + Level 0.4 Dodging
 + Level 2.8 Shields
 * Level 1.3 Spellcasting


You had 6 spell levels left.
You didn't know any spells.

Dungeon Overview and Level Annotations

Branches:
Dungeon (4/15)
 Temple: D:4-7

Altars:
Gozag

Annotations:
D:3 Ijyb


Innate Abilities, Weirdness & Mutations

You do not eat or drink.
Your flesh is vulnerable to fire.
You are immune to poison.
Your flesh is cold resistant. (rC+)
You are immune to negative energy. (rN+++)
You are immune to unholy pain and torment.
You can survive without breathing.


Message History

You closely miss the adder.
The adder is moderately wounded.
The adder bites you but does no damage. The adder bites you.
* * * LOW HITPOINT WARNING * * *
You hit the adder.
The adder is almost dead.
The adder bites you.
* * * LOW HITPOINT WARNING * * *
You closely miss the adder.
The adder is almost dead.
The adder bites you but does no damage. The adder closely misses you.
You closely miss the adder.
The adder is almost dead.
The adder bites you.
* * * LOW HITPOINT WARNING * * *
The adder bites you but does no damage.
You closely miss the adder.
The adder is almost dead.
The adder bites you.
You die...

###.##..# #.#
#############..# #.#
$(.............# #.#
####.#.#####..# #.# ###
#.#.# #..#
.....#.#.#####..#
#.......<..#..#
.......#.###.#..#
##.#........@S..##########.
#.....###...............
#.#.##.......##########.
.............[#
##.####.###..## #. #.# #..#
# #..# ##..# #...#


You could see an adder.

Vanquished Creatures
  An ogre (D:4)
  A crimson imp (D:4)
  A worker ant (D:4)
  A hound skeleton (D:4)
  2 adders (D:2)
  2 oozes
  An adder zombie (D:4)
  2 worms (D:2)
  3 dart slugs
  2 leopard geckos
  A ball python (D:3)
  3 giant cockroaches (D:1)
  10 goblins
  6 hobgoblins
  4 jackals (D:1)
  5 kobolds
  A quokka (D:2)
  7 bats
  6 frilled lizards
  6 rats
65 creatures vanquished.

Notes
Turn   | Place    | Note
-------+----------+-------------------------------------------
     0 | D:1      | equalderp2856 the Mummy Fighter began the quest for the Orb.
     0 | D:1      | Reached XP level 1. HP: 18/18 MP: 1/1
   115 | D:1      | Reached XP level 2. HP: 4/24 MP: 2/2
   878 | D:1      | Reached XP level 3. HP: 29/29 MP: 3/3
  1009 | D:1      | Reached skill level 2 in Axes
  1598 | D:2      | Reached XP level 4. HP: 35/35 MP: 4/4
  2043 | D:3      | Noticed Ijyb
  2459 | D:4      | Reached skill level 3 in Axes
  2493 | D:4      | Reached XP level 5. HP: 9/41 MP: 4/6
  2644 | D:4      | Noticed an ogre
  2657 | D:4      | Found an opulent altar of Gozag.
  2757 | D:4      | Killed an ogre
  2757 | D:4      | Reached skill level 1 in Spellcasting
  2969 | D:4      | Reached skill level 4 in Axes
  3113 | D:4      | Noticed a phantom
  3275 | D:3      | Slain by an adder

Skill      XL: |  1  2  3  4  5 |
---------------+----------------+-----
Axes           | 2 3 4 |  4.0
Armour         | 3 |  3.0
Spellcasting   | 1 |  1.3
Fighting       | |  3.5
Dodging        | |  0.4
Shields        | |  2.8

Action                   |  1- 3 |  4- 6 || total
-------------------------+-------+-------++-------
Melee: War axe           |   151 |   128 ||   279
 Stab: Distracted        |     1 |       ||     1
Armor: Scale mail        |    69 |    42 ||   111
Dodge: Dodged            |    56 |    42 ||    98
Block: Shield            |    87 |    47 ||   134
